[Event "Team 45 45 League T74"]
[Site "Internet Chess Club"]
[Date "2017.09.17"]
[Round "1"]
[White "bluesun"]
[Black "bayoumicardio10"]
[Result "1-0"]
[WhiteElo "1485"]
[BlackElo "1383"]
[Opening "Pirc: Holmov system"]
[ECO "B07"]
[Time "17:00:54"]
[TimeControl "2700+45"]

1. e4 d6 2. d4 Nf6 3. Nc3 g6 4. Bc4 Bg7 5. Be3 O-O 6. f3 e5 7. d5 Nbd7 8. Qd2 a6
9. O-O-O b5 10. Bb3 Nc5 11. g4 b4 12. Na4 Nxa4 13. Bxa4 a5 14. h4 h5 15. gxh5
Nxh5 16. Ne2 Ba6 17. Rdg1 Bxe2 18. Qxe2 Kh7 19. Bc6 Rb8 20. Ba7 Bh6+ 21. Kb1 a4
22. Bxb8 Qxb8 23. Bxa4 Bf4 24. Qe1 Qb6 25. Rg2 Ra8 26. Bb3 Qd4 27. Qd1 Qe3 28.
Re1 Qa7 29. Qd3 Qb8 30. Qc4 Bg3 31. Rh1 Bf4 32. c3 bxc3 33. Qxc3 Ra7 34. Rc2 Ng3
35. Rg1 Qd8 36. Rgg2 Nf1 37. Rce2 Qxh4 38. Re1 Nd2+ 39. Rxd2 Qxe1+ 40. Rd1 Qxc3
41. bxc3 Kh6 42. Rh1+ Kg5 43. Bc2 Bd2 44. Kb2 Rb7+ 45. Bb3 Kf4 46. Kc2 Be3 47.
Kd3 Bc5 48. Rh3 f5 49. Ke2 fxe4 50. Rh4+ Kg3 51. Rxe4 g5 52. Rg4+ Kh3 53. Rxg5
Kh4 54. Rg4+ Kh5 55. Rg8 Ba7 56. Kd3 Rb8 57. Rxb8 Bxb8 58. Kc4 Kg5 59. Kb5 Ba7
60. Bc2 Kf4 61. Be4 Ke3 62. a4 Kd2 63. c4 Kc3 64. a5 Kb3 65. Bd3 Kc3 66. Bf1 Kd4
67. Kc6 Ke3 68. Kxc7 Bc5 69. Kb7 Kxf3 70. a6 e4 71. a7 Bxa7 72. Kxa7 e3 73. Kb6
e2 74. Bxe2+ Kxe2 75. Kc6 Kd3 76. Kxd6 Kxc4 77. Kc6 Kd4 78. d6 Ke5 79. d7 Ke6
80. d8=Q {Black resigns} 1-0

[Event "Team 45 45 League T74"]
[Site "Internet Chess Club"]
[Date "2017.09.18"]
[Round "1"]
[White "liujf"]
[Black "MasterD"]
[Result "1-0"]
[WhiteElo "1588"]
[BlackElo "1464"]
[Opening "Sicilian: accelerated fianchetto, modern variation"]
[ECO "B34"]
[Time "19:43:20"]
[TimeControl "2700+45"]

1. e4 c5 2. Nf3 Nc6 3. d4 cxd4 4. Nxd4 g6 5. Nc3 Bg7 6. Be3 d6 7. Be2 Bd7 8. O-O
Nf6 9. a4 O-O 10. h3 h5 11. Qd2 a6 12. f4 Bh6 13. f5 Bxe3+ 14. Qxe3 Qb6 15. Rad1
Kh7 16. Bc4 Nxd4 17. Qxd4 Qb5 18. axb5 axb5 19. Bxb5 {Black resigns} 1-0

[Event "Team 45 45 League T74"]
[Site "Internet Chess Club"]
[Date "2017.09.12"]
[Round "1"]
[White "grekor"]
[Black "bazarov"]
[Result "0-1"]
[WhiteElo "1105"]
[BlackElo "1068"]
[Opening "French defense"]
[ECO "C00"]
[Time "22:30:25"]
[TimeControl "2700+45"]

1. e4 e6 2. Bc4 Bc5 3. d4 Bb6 4. Bf4 d5 5. exd5 exd5 6. Bb3 Nc6 7. Ba4 Bd7 8.
Bb3 Nf6 9. Nf3 Qe7+ 10. Be3 Nxd4 11. Nxd4 c5 12. Nf3 d4 13. O-O dxe3 14. Bc4 O-O
15. Bd5 exf2+ 16. Kxf2 c4+ 17. Kg3 Nh5# {White checkmated} 0-1

[Event "Team 45 45 League T74"]
[Site "Internet Chess Club"]
[Date "2017.09.18"]
[Round "1"]
[White "smsxman"]
[Black "Andaluz"]
[Result "1-0"]
[WhiteElo "1415"]
[BlackElo "1282"]
[Opening "Sicilian defense"]
[ECO "B30"]
[Time "13:00:46"]
[TimeControl "2700+45"]

1. e4 c5 2. Nf3 Nc6 3. Nc3 a6 4. Be2 e6 5. d4 cxd4 6. Nxd4 Be7 7. O-O Nf6 8. Nf3
h6 9. a3 O-O 10. b4 b5 11. Bb2 Bb7 12. Bd3 d6 13. Na2 d5 14. e5 Nh7 15. Bxh7+
Kxh7 16. Re1 Rc8 17. c3 Bg5 18. Bc1 Bxc1 19. Qxc1 Ne7 20. Nd4 Ng6 21. Qc2 Kg8
22. g3 Qc7 23. f4 Rfe8 24. Qf2 Ne7 25. Rac1 Qc4 26. Rb1 Nc6 27. Nb3 Nd8 28. Na5
Qc7 29. Nxb7 Qxb7 30. Rbc1 Nc6 31. Rc2 Ne7 32. Nc1 Nf5 33. Nd3 Qc7 34. Nc5 Ra8
35. Ra1 {Black forfeits on time} 1-0

[Event "Team 45 45 League T74"]
[Site "Internet Chess Club"]
[Date "2017.09.15"]
[Round "1"]
[White "olivermx"]
[Black "jjaillet2007"]
[Result "0-1"]
[WhiteElo "1328"]
[BlackElo "1356"]
[Opening "French: advance, Paulsen attack"]
[ECO "C02"]
[Time "11:15:19"]
[TimeControl "2700+45"]

1. e4 e6 2. d4 d5 3. e5 c5 4. c3 Nc6 5. Nf3 cxd4 6. cxd4 Bb4+ 7. Bd2 Qb6 8. Bxb4
Qxb4+ 9. Qd2 Qxd2+ 10. Nbxd2 Nb4 11. Bb5+ Bd7 12. Bxd7+ Kxd7 13. O-O Ne7 14. a3
Nbc6 15. b4 a6 16. Rfd1 Nf5 17. Nb3 b6 18. Rac1 Rac8 19. g4 Nh6 20. h3 f5 21.
Nh2 fxg4 22. hxg4 Rhf8 23. f3 Nf7 24. Kg2 g6 25. Rh1 Ng5 26. Kg3 a5 27. b5 Ne7
28. f4 Ne4+ 29. Kf3 g5 30. Rxc8 Kxc8 31. Nf1 Rxf4+ 32. Ke3 Rf7 33. Nfd2 Nxd2 34.
Kxd2 Ng6 35. Rc1+ Kd7 36. Rc6 a4 37. Na1 Rf2+ 38. Kc1 Nf4 39. Nc2 Nd3+ 40. Kd1
Nb2+ 41. Kc1 Nc4 42. Kb1 Rg2 43. Nb4 Nxa3+ 44. Ka1 Nc4 45. Na6 Rg1+ 46. Ka2 a3
47. Rc7+ Kd8 48. Rxh7 Rg2+ 49. Ka1 Na5 50. Rh8+ Ke7 51. Rh7+ Kf8 52. Rh3 Rxg4
53. Rxa3 Rxd4 54. Rc3 g4 55. Nb8 Rd1+ 56. Ka2 d4 57. Rg3 d3 58. Rxg4 Rd2+ 59.
Ka3 Rc2 60. Rd4 d2 61. Kb4 Rc4+ {White resigns} 0-1

[Event "Team 45 45 League T74"]
[Site "Internet Chess Club"]
[Date "2017.09.16"]
[Round "1"]
[White "Just-Jim"]
[Black "SeniorCitizen"]
[Result "1-0"]
[WhiteElo "1273"]
[BlackElo "1320"]
[Opening "Queen's pawn game, Darooha variation "]
[ECO "D02"]
[Time "12:13:37"]
[TimeControl "2700+45"]

1. Nf3 Nf6 2. d4 d5 3. Nc3 e6 4. a3 Be7 5. Bf4 a6 6. h3 O-O 7. e3 c5 8. dxc5
Bxc5 9. Bd3 Nc6 10. O-O b5 11. Bg5 d4 12. exd4 Bxd4 13. Be4 Qd7 14. Nxd4 Nxe4
15. Nxe4 Qxd4 16. Qxd4 Nxd4 17. c3 Nf5 18. g4 Nh6 19. Bxh6 gxh6 20. Nf6+ Kg7 21.
Nh5+ Kg6 22. f4 f5 23. Ng3 Bb7 24. Kh2 Rad8 25. gxf5+ exf5 26. Rae1 Rd2+ 27. Re2
Rfd8 28. Rg1 Rxe2+ 29. Nxe2+ Kf6 30. Nd4 Rd7 31. Re1 Be4 32. Rg1 Bb7 33. h4 Bc8
34. Rg8 Bb7 35. Rf8+ Rf7 36. Rxf7+ Kxf7 37. Nxf5 Kg6 38. Nd6 Bc6 39. Kg3 Kf6 40.
c4 h5 41. cxb5 axb5 42. Nc8 Kf5 43. Na7 Bd7 44. b3 Ke4 45. Nxb5 Bxb5 46. a4 Ba6
47. b4 Bc4 48. b5 {Black resigns} 1-0

[Event "Team 45 45 League T74"]
[Site "Internet Chess Club"]
[Date "2017.09.18"]
[Round "1"]
[White "oldbookseller"]
[Black "stantheman59"]
[Result "0-1"]
[WhiteElo "932"]
[BlackElo "1276"]
[Opening "Modern defense"]
[ECO "A40"]
[Time "18:33:32"]
[TimeControl "2700+45"]

1. d4 g6 2. Nf3 Bg7 3. e3 d5 4. Bd3 Bg4 5. Nbd2 e6 6. O-O a6 7. Qe1 Bxf3 8. Nxf3
Nd7 9. e4 Bh6 10. exd5 Bxc1 11. Qxc1 exd5 12. Re1+ Kf8 13. b3 Kg7 14. c4 c6 15.
Qf4 Ngf6 16. Qd6 Ne8 17. Qf4 Nef6 18. cxd5 Nxd5 19. Qd6 a5 20. Ne5 Nxe5 21.
Qxe5+ Kh6 22. Re3 Nxe3 23. Qxe3+ Qg5 24. Qh3+ Kg7 25. Bc4 b5 26. Bxf7 Kxf7 27.
Re1 Rae8 28. Qd7+ Re7 29. Rxe7+ Qxe7 {White resigns} 0-1

[Event "Team 45 45 League T74"]
[Site "Internet Chess Club"]
[Date "2017.09.18"]
[Round "1"]
[White "rkjulianjr"]
[Black "Toalla"]
[Result "0-1"]
[WhiteElo "1276"]
[BlackElo "1187"]
[Opening "Dutch, 2.Bg5 variation"]
[ECO "A80"]
[Time "13:04:05"]
[TimeControl "2700+45"]

1. d4 f5 2. Bg5 g6 3. e3 Bg7 4. Nc3 d5 5. Bd3 Nf6 6. Bxf6 Bxf6 7. Nf3 c6 8. Ne5
Nd7 9. f4 Bg7 10. Qe2 Nf6 11. Qf2 Ne4 12. Nxe4 fxe4 13. Be2 O-O 14. O-O-O Bxe5
15. dxe5 b5 16. g4 e6 17. h4 Qc7 18. Rdg1 Qxe5 19. Qh2 Qf6 20. g5 Qg7 21. h5
gxh5 22. Qxh5 Qg6 23. Qxg6+ hxg6 24. Rh6 Kg7 25. Rgh1 Rg8 26. Rh7+ Kf8 27. Rc7
Ke8 28. Rhh7 Kd8 29. Rxc6 a6 30. Bg4 e5 31. Rd6+ Ke8 32. Bd7+ Bxd7 33. Rdxd7 Kf8
34. Rhf7+ Ke8 35. fxe5 d4 36. Ra7 Rxa7 37. Rxa7 dxe3 38. Ra8+ Kf7 39. Ra7+ Ke6
40. Rxa6+ Kxe5 41. Rb6 Rd8 42. Rxb5+ Kf4 43. Rb6 Kxg5 44. Re6 Kf5 45. Re7 e2 46.
Rf7+ Kg4 47. b3 e1=Q+ 48. Kb2 Qd2 49. Re7 Qd4+ 50. Kb1 e3 51. Re6 Kf5 52. Rc6 e2
{White resigns} 0-1

[Event "Team 45 45 League T74"]
[Site "Internet Chess Club"]
[Date "2017.09.18"]
[Round "1"]
[White "tasawyer81"]
[Black "joaoazm"]
[Result "0-1"]
[WhiteElo "1140"]
[BlackElo "1272"]
[Opening "Queen's pawn, Mason variation"]
[ECO "D00"]
[Time "20:00:32"]
[TimeControl "2700+45"]

1. d4 d5 2. Bf4 Nf6 3. e3 c5 4. c3 Qb6 5. Qb3 Qxb3 6. axb3 cxd4 7. exd4 Bf5 8.
Nd2 Nbd7 9. Ngf3 e6 10. Bb5 a6 11. Ba4 Rd8 12. Ne5 b5 13. Bxb5 axb5 14. Ra7 Nxe5
15. dxe5 Bc5 16. Rc7 Nd7 17. Bg5 Rb8 18. Nf3 Be4 19. b4 Bb6 20. Rc6 Bxf3 21.
gxf3 Nxe5 22. Rd6 Nxf3+ {White resigns} 0-1

[Event "Team 45 45 League T74"]
[Site "Internet Chess Club"]
[Date "2017.09.15"]
[Round "1"]
[White "UrsaMajor"]
[Black "QuieroAprender"]
[Result "1-0"]
[WhiteElo "1562"]
[BlackElo "1575"]
[Opening "Giuoco Piano"]
[ECO "C50"]
[Time "20:34:39"]
[TimeControl "2700+45"]

1. e4 e5 2. Nf3 Nc6 3. Bc4 Bc5 4. O-O Nf6 5. Re1 d6 6. c3 O-O 7. d4 exd4 8. cxd4
Bb4 9. Nc3 Bg4 10. Qd3 Bxf3 11. gxf3 a6 12. Bf4 Na5 13. a3 Bxc3 14. bxc3 Nh5 15.
Bg3 Qg5 16. Ba2 Nf4 17. Qe3 Nh3+ 18. Kg2 Qxe3 19. Rxe3 Ng5 20. Rae1 Rae8 21. e5
dxe5 22. Rxe5 Ne6 23. Rxa5 Nf4+ 24. Bxf4 Rxe1 25. Bxc7 Ra1 26. Bd5 Rc8 27. Rc5
Rxa3 28. Bxb7 Re8 29. Ba5 Rb8 30. Bxa6 Ra8 31. Bb7 R3xa5 32. Bxa8 Rxa8 33. Rc7
Rd8 34. f4 g6 35. Kf3 h5 36. Ke4 Kg7 37. d5 Kf6 38. c4 h4 39. c5 Ra8 40. d6 Ke6
41. Re7+ Kf6 42. Re5 Ra4+ 43. Kf3 Rd4 44. Ke3 Rd1 45. Ke4 Rd2 46. Rd5 Re2+ 47.
Kf3 Re8 48. d7 Rd8 49. c6 Ke6 50. Ke4 f5+ 51. Kd4 g5 52. fxg5 h3 53. c7 {Black
resigns} 1-0

[Event "Team 45 45 League T74"]
[Site "Internet Chess Club"]
[Date "2017.09.16"]
[Round "1"]
[White "MartyJR"]
[Black "mongmong"]
[Result "1/2-1/2"]
[WhiteElo "1435"]
[BlackElo "1466"]
[Opening "Queen's pawn"]
[ECO "A40"]
[Time "11:01:34"]
[TimeControl "2700+45"]

1. d4 e6 2. Bf4 Nf6 3. e3 d5 4. Nf3 c5 5. c3 Qb6 6. Qc2 Nc6 7. Nbd2 Be7 8. h3
Bd7 9. Be2 h6 10. O-O O-O 11. Rab1 Rac8 12. Qd1 cxd4 13. exd4 Qd8 14. Re1 a6 15.
Bd3 b5 16. Nb3 Na5 17. Nc5 Bxc5 18. dxc5 Nb7 19. b4 Bc6 20. Ne5 Nd7 21. Nxc6
Rxc6 22. Re3 f6 {Game drawn by mutual agreement} 1/2-1/2

[Event "Team 45 45 League T74"]
[Site "Internet Chess Club"]
[Date "2017.09.17"]
[Round "1"]
[White "guyd52"]
[Black "smsxman"]
[Result "0-1"]
[WhiteElo "1332"]
[BlackElo "1404"]
[Opening "Réti opening"]
[ECO "A04"]
[Time "10:02:22"]
[TimeControl "2700+45"]

1. Nf3 e6 2. g3 d5 3. Bg2 Nf6 4. d3 Nc6 5. O-O Bc5 6. b3 O-O 7. Bb2 Be7 8. Nbd2
a6 9. e3 Bd7 10. c4 Nb4 11. Ne5 Nc6 12. cxd5 Nxd5 13. Ndc4 Nxe5 14. Bxe5 Bf6 15.
Bxf6 Qxf6 16. e4 Nc3 17. Qc2 Qd4 18. Rfc1 Nb5 19. a4 Na7 20. Ne3 c6 21. Qc4 e5
22. a5 Nb5 23. Ra4 Be6 24. Qxd4 Nxd4 25. Kf1 Nxb3 26. Rc3 Nd4 27. Nc4 Bxc4 28.
Rcxc4 f6 29. Bh3 Rfe8 30. Kg2 Rad8 31. Ra3 Nb5 32. Rb3 Rb8 33. Rc1 Kf8 34. Rf1
h6 35. f4 Kg8 36. f5 Red8 37. Bg4 Nd4 38. Rfb1 Nxb3 39. Rxb3 c5 40. Bd1 Kf8 41.
Rc3 Rbc8 42. Bb3 Rd4 43. Bd5 Rc7 44. Rb3 Rb4 45. Rc3 Ra4 46. Rb3 Rxa5 47. Bxb7
Rb5 48. Bd5 Rxb3 49. Bxb3 a5 50. Kf2 Rb7 51. Bc4 a4 52. Ke2 a3 53. Kd2 Rb2+ 54.
Kc1 Rxh2 55. Kb1 Ke7 {White resigns} 0-1

[Event "Team 45 45 League T74"]
[Site "Internet Chess Club"]
[Date "2017.09.16"]
[Round "1"]
[White "bmw2002"]
[Black "Skeptic1972"]
[Result "1/2-1/2"]
[WhiteElo "1517"]
[BlackElo "1527"]
[Opening "English opening"]
[ECO "A20"]
[Time "14:03:17"]
[TimeControl "2700+45"]

1. c4 e5 2. g3 Nf6 3. Bg2 c6 4. Nc3 d5 5. cxd5 cxd5 6. d3 Be7 7. Nf3 Nc6 8. O-O
O-O 9. Rb1 d4 10. Nb5 Qb6 11. Qa4 a6 12. Na3 Bd7 13. Nc4 Qc5 14. Qd1 Rab8 15.
Bd2 b5 16. Na5 b4 17. Nb3 Qb5 18. Ng5 h6 19. Ne4 Nxe4 20. Bxe4 f5 21. Bg2 a5 22.
f4 a4 23. Na1 Bc5 24. Bxc6 Qxc6 25. fxe5 Qd5 26. h4 Bc6 27. Rf3 Rbe8 28. Qf1
Qxa2 29. Rc1 Rxe5 30. Bf4 Qd5 31. Bxe5 Qxe5 32. Rf4 Qe3+ 33. Kh2 Bd6 34. Nc2 Qe5
35. Nxb4 Bxb4 36. Rxc6 g5 37. hxg5 hxg5 38. Rf3 g4 39. Rf4 Bd2 40. Rf2 Qh8+ 41.
Kg2 Qh3+ 42. Kg1 Qxg3+ 43. Qg2 Qxg2+ 44. Kxg2 g3 45. Rf1 f4 46. Rc4 Be3 47. Rxa4
Rc8 48. b4 Rc2 49. Kf3 Rb2 50. Rfa1 Kf7 51. Ra7+ Ke6 52. R1a6+ Kd5 53. Ra5+ Kc6
54. Rf5 Rxb4 55. Ra6+ Kb7 56. Rg6 Rb6 57. Rg7+ Ka6 58. Rxf4 Bxf4 59. Kxf4 Re6
60. Rxg3 Rxe2 61. Kf3 Re3+ 62. Kf4 Rxg3 63. Kxg3 Kb5 64. Kf4 Kc5 65. Ke5 Kc6 66.
Kxd4 Kd6 67. Kc4 Kc6 {Game drawn by mutual agreement} 1/2-1/2

[Event "Team 45 45 League T74"]
[Site "Internet Chess Club"]
[Date "2017.09.16"]
[Round "1"]
[White "Gilguli"]
[Black "BrerRabbit"]
[Result "0-1"]
[WhiteElo "1339"]
[BlackElo "1344"]
[Opening "Pirc defense"]
[ECO "B07"]
[Time "15:16:21"]
[TimeControl "2700+45"]

1. e4 d6 2. d4 Nf6 3. Nc3 e5 4. dxe5 dxe5 5. Qxd8+ Kxd8 6. Bg5 c6 7. Bc4 Ke8 8.
Nf3 Bd6 9. O-O-O Bc7 10. Rd2 Nfd7 11. Rhd1 f6 12. Bh4 Nf8 13. Nxe5 Be6 14. Bxe6
Nxe6 15. Nf3 Bf4 16. e5 Bxd2+ 17. Rxd2 Nd7 18. exf6 Nxf6 19. Bxf6 gxf6 20. Ne4
Ke7 21. Nh4 Ng7 22. Nc5 Rad8 23. Re2+ Kf7 24. Nxb7 Rd5 25. Rd2 Rxd2 26. Kxd2 Ke7
27. Kc3 Rb8 28. Nc5 Rd8 29. Nf3 Ne6 30. Nxe6 Kxe6 31. Nd4+ Kd5 32. Nf5 Kc5 33.
b4+ Kb5 34. Nd4+ Kb6 35. Nb3 Re8 36. Nd4 c5 37. bxc5+ Kxc5 38. Nb3+ Kd5 39. Kd3
f5 40. c4+ Kd6 41. c5+ Kd5 42. f4 Re4 43. g3 Ra4 44. c6 Rc4 45. Na5 Rc5 46. Nc4
Rxc4 {White resigns} 0-1

[Event "Team 45 45 League T74"]
[Site "Internet Chess Club"]
[Date "2017.09.16"]
[Round "1"]
[White "arthchan2003"]
[Black "GideonL"]
[Result "1-0"]
[WhiteElo "1352"]
[BlackElo "1372"]
[Opening "Ruy Lopez: Graz variation"]
[ECO "C70"]
[Time "19:30:35"]
[TimeControl "2700+45"]

1. e4 e5 2. Nf3 Nc6 3. Bb5 a6 4. Ba4 b5 5. Bb3 Bc5 6. O-O Nf6 7. Re1 O-O 8. d3
d6 9. Bg5 h6 10. Bh4 Bg4 11. h3 Bh5 12. Nbd2 g5 13. Bg3 Nh7 14. c3 Bb6 15. Qc2
Bxf3 16. Nxf3 Qf6 17. Bd5 Ne7 18. Bxa8 Rxa8 19. Rad1 Rf8 20. d4 exd4 21. cxd4
Qg6 22. Qb1 Re8 23. e5 dxe5 24. Qxg6+ Nxg6 25. Nxe5 Nf6 26. Nxg6 Rxe1+ 27. Rxe1
fxg6 28. Rd1 Nd5 29. Kf1 Kf7 30. Ke2 Kf6 31. a3 Kf5 32. Kd3 h5 33. Re1 Kf6 34.
Re5 Ne7 35. Ke4 Nf5 36. Rd5 Ne7 37. Rd7 Nf5 38. Bxc7 {Black resigns} 1-0

[Event "Team 45 45 League T74"]
[Site "Internet Chess Club"]
[Date "2017.09.18"]
[Round "1"]
[White "tamky70"]
[Black "WzeroMN"]
[Result "0-1"]
[WhiteElo "1300"]
[BlackElo "1159"]
[Opening "Ruy Lopez: Berlin defense, Beverwijk variation"]
[ECO "C64"]
[Time "14:00:33"]
[TimeControl "2700+45"]

1. e4 e5 2. Nf3 Nc6 3. Bb5 Bc5 4. O-O Nf6 5. d3 h6 6. Bxc6 bxc6 7. Nxe5 Qe7 8.
Ng4 Nxg4 9. Qxg4 g5 10. Qh5 Bb7 11. Nc3 O-O-O 12. Be3 Bxe3 13. fxe3 Rdf8 14. Rf5
f6 15. Raf1 Rh7 16. Rxf6 Rxf6 17. Rxf6 Qxf6 18. Qe8+ Qd8 19. Qxd8+ Kxd8 20. Na4
Rf7 21. Nc5 Kc8 22. c3 d6 23. Ne6 Kd7 24. Nd4 Ba6 25. c4 d5 26. b3 dxe4 27. dxe4
Re7 28. Kf2 Rxe4 29. Nf5 Re6 30. Ng3 Rf6+ 31. Ke2 c5 32. Ne4 Rc6 33. Nc3 Bb7 34.
e4 Re6 35. Ke3 a6 36. g3 g4 37. Kf4 h5 38. e5 Re8 39. Na4 Kc6 40. Nc3 Rf8+ 41.
Kg5 Rh8 42. Nd5 Kd7 43. Nf4 Bf3 44. Nxh5 Ke6 45. Kf4 Rxh5 {White resigns} 0-1